 Dungeon Sprint DCSS version 0.26.1-2-gb8aa6d0cf2 (webtiles) character file.

Game seed: 2961527529896646713

232 Groucho the Skirmisher (level 6, -2/60 HPs)
             Began as a Ghoul Fighter on Mar 9, 2021.
             Was a Follower of Makhleb.
             Slain by an orc warrior
             ... wielding a +0 dire flail
              (14 damage)
             ... in the Dungeon (Sprint IX: "|||||||||||||||||||||||||||||").
             The game lasted 00:01:52 (310 turns).

Groucho the Skirmisher (Ghoul Fighter)               Turns: 310, Time: 00:01:53

Health: -2/60      AC:  5    Str: 23    XL:     6   Next: 4%
Magic:  5/8        EV: 10    Int:  4    God:    Makhleb [*.....]
Gold:   0          SH: 10    Dex:  9    Spells: 5/5 levels left

rFire    . . .     SeeInvis .   a - +0 long sword
rCold    + . .     Faith    .   c - +0 kite shield
rNeg     + + +     Spirit   .   n - +2 ring mail
rPois    ∞         Reflect  .   (no helmet)
rElec    .         Harm     .   (no cloak)
rCorr    .         Rampage  .   p - +0 pair of gloves
Will     .....     NoTele   +   (no boots)
Stlth    ..........             (no amulet)
HPRegen  0.00/turn              b - +3 ring of strength
MPRegen  0.11/turn              o - +2 ring of evasion

@: corroded
A: claws 1, cold resistance 1, negative energy resistance 3, inhibited
regeneration, torment resistance, unbreathing
a: Renounce Religion


You were in the Dungeon.
You worshipped Makhleb.
Makhleb was aware of your devotion.
You visited 1 branch

Inventory:

Hand Weapons
 a - a +0 long sword (weapon)
 m - a +1 broad axe of venom
Armour
 c - a +0 kite shield (worn)
 n - a +2 ring mail (worn)
 p - a +0 pair of gloves (worn)
Jewellery
 b - a +3 ring of strength (left hand)
 o - a +2 ring of evasion (right hand)
Wands
 l - a wand of acid (10)
Scrolls
 i - 2 scrolls of blinking
 j - 3 scrolls of remove curse
 k - 2 scrolls of amnesia
Potions
 d - a potion of invisibility
 e - 5 potions of curing
 f - 2 potions of heal wounds
 g - a potion of haste
 h - 4 potions of magic


   Skills:
 + Level 7.0 Fighting
 + Level 5.2 Long Blades
 + Level 5.8 Armour
 + Level 5.8 Shields
 + Level 4.1 Invocations


You had 5 spell levels left.
You didn't know any spells.
Your spell library was empty.

Dungeon Overview and Level Annotations

Branches:
Dungeon (1/1)

Altars:
Cheibriados
Dithmenos
Elyvilon
Fedhas
Gozag
Hepliaklqana
Kikubaaqudgha
Makhleb
Nemelex Xobeh
Okawaru
Qazlal
Ru
Sif Muna
Trog
Uskayaw
Vehumet
Wu Jian
Xom
Yredelemnul
Zin
The Shining One
Beogh
Jiyva
Lugonu


Innate Abilities, Weirdness & Mutations

You thrive by killing the living.
You are immune to poison.
You have sharp fingernails.
Your flesh is cold resistant. (rC+)
You are immune to negative energy. (rN+++)
You do not regenerate when monsters are visible.
You are immune to unholy pain and torment.
You can survive without breathing.


Message History

The orc warrior barely misses you.
Unknown command.
You closely miss the orc warrior.
The orc warrior is moderately wounded.
The orc warrior barely misses you.
Unknown command.
You hit the orc warrior but do no damage.
The orc warrior is moderately wounded.
The orc warrior hits you with a +0 dire flail!
The orc warrior closely misses you.
Unknown command.
You closely miss the orc warrior.
The orc warrior is moderately wounded.
The orc warrior hits you with a +0 dire flail!!
* * * LOW HITPOINT WARNING * * *
Unknown command.
You hit the orc warrior.
The orc warrior is heavily wounded.
The orc warrior hits you with a +0 dire flail!
You die...

▓.▓
▓.▓
▓.▓
▓.▓
▓.▓
▓Z▓
▓o▓
▓@▓
▓.▓
▓[▓
▓.▓
▓[▓
▓.▓
▓)▓
▓.▓
▓.▓


You could see an orc warrior and a bat zombie.

Vanquished Creatures
  A bullfrog (D)
  A wight (D)
  A jelly (D)
  An orc wizard (D)
  2 worker ants (D)
  An adder (D)
  A leopard gecko (D)
  An orc (D)
  A bat (D)
  2 goblins (D)
  A hobgoblin (D)
  A kobold (D)
14 creatures vanquished.

Notes
Turn   | Place    | Note
-------+----------+-------------------------------------------
     0 | D        | Groucho the Ghoul Fighter began the quest for the Orb.
     0 | D        | Reached XP level 1. HP: 19/19 MP: 0/0
    21 | D        | Reached skill level 4 in Fighting
    21 | D        | Reached XP level 2. HP: 27/27 MP: 1/1
    49 | D        | Reached XP level 3. HP: 30/35 MP: 2/2
    53 | D        | Reached skill level 5 in Fighting
    61 | D        | Reached XP level 4. HP: 35/42 MP: 3/3
   211 | D        | Found a roughly hewn altar of Beogh.
   211 | D        | Found a snail-covered altar of Cheibriados.
   211 | D        | Found a shadowy altar of Dithmenos.
   211 | D        | Found a white marble altar of Elyvilon.
   211 | D        | Found a blossoming altar of Fedhas.
   211 | D        | Found an opulent altar of Gozag.
   212 | D        | Found a hazy altar of Hepliaklqana.
   213 | D        | Found a viscous altar of Jiyva.
   214 | D        | Found an ancient bone altar of Kikubaaqudgha.
   215 | D        | Found a corrupted altar of Lugonu.
   216 | D        | Found a burning altar of Makhleb.
   217 | D        | Found a sparkling altar of Nemelex Xobeh.
   218 | D        | Found an iron altar of Okawaru.
   219 | D        | Found a stormy altar of Qazlal.
   220 | D        | Found a sacrificial altar of Ru.
   221 | D        | Found a shimmering blue altar of Sif Muna.
   222 | D        | Found a bloodstained altar of Trog.
   223 | D        | Found a hide-covered altar of Uskayaw.
   224 | D        | Became a worshipper of Makhleb the Destroyer
   225 | D        | Found a radiant altar of Vehumet.
   226 | D        | Found an ornate altar of the Wu Jian Council.
   227 | D        | Found a shimmering altar of Xom.
   228 | D        | Found a basalt altar of Yredelemnul.
   229 | D        | Found a glowing silver altar of Zin.
   230 | D        | Found a glowing golden altar of the Shining One.
   283 | D        | Noticed an orc warrior
   283 | D        | Noticed a bullfrog
   293 | D        | Reached skill level 1 in Invocations
   296 | D        | Reached skill level 6 in Fighting
   296 | D        | Reached skill level 5 in Armour
   296 | D        | Reached skill level 5 in Shields
   296 | D        | Reached XP level 5. HP: 44/50 MP: 3/5
   302 | D        | Reached * piety under Makhleb
   303 | D        | Reached skill level 5 in Long Blades
   306 | D        | Reached skill level 7 in Fighting
   306 | D        | Reached XP level 6. HP: 44/60 MP: 4/8
   310 | D        | Slain by an orc warrior

Illustrated notes

Levels and vault maps discovered:
D:        linesprint [early_d, line_temple, items_1, d_10, items_2, lair_1,
          lair_end, items_3, orc_1, orc_end, items_4, d_15, swamp_1, shoals_1,
          snake_1, spider_1, d_20, vaults_1, items_5, swamp_end, shoals_end,
          snake_end, spider_end, vaults_end, d_27, items_6, zot_1, zot_end,
          crypt_end, forest_end, elf_end, slime_end, tomb_end, abyss_end,
          pan_hell_end]

Skill      XL: |  1  2  3  4  5 |
---------------+----------------+-----
Armour         | 3 4 5 |  5.8
Shields        | 3 4 5 |  5.8
Long Blades    | 2 3 4 5 |  5.2
Fighting       | 4 5 6 7 |  7.0
Invocations    | 2 4 |  4.1

Action                   |  1- 3 |  4- 6 || total
-------------------------+-------+-------++-------
Melee: Long sword        |    48 |    27 ||    75
  Use: Potion            |     2 |       ||     2
Armor: Scale mail        |    21 |       ||    21
       Ring mail         |       |     5 ||     5
Dodge: Dodged            |    17 |    10 ||    27
Block: Kite shield       |    19 |     9 ||    28
       Rpst.: Long sword |     7 |     2 ||     9
